 Dungeon Crawl Stone Soup version 0.20-a0-1050-g57248f3 (webtiles) character file.

135 Kidiri the Magician (level 4, -1/24 HPs)
             Began as a Deep Elf Fire Elementalist on Apr 25, 2017.
             Was an Initiate of Vehumet.
             Slain by an orc
             ... wielding a +2 hand axe of venom
              (6 damage)
             ... on level 2 of the Dungeon.
             The game lasted 00:08:09 (1915 turns).

Kidiri the Magician (Deep Elf Fire Elementalist)    Turns: 1915, Time: 00:08:10

Health: -1/24      AC:  2    Str:  5    XL:     4   Next: 97%
Magic:  12/13      EV: 13    Int: 21    God:    Vehumet [......]
Gold:   41         SH:  0    Dex: 15    Spells: 1/14 levels left

rFire    . . .     SeeInvis .   d - +0 dagger
rCold    . . .     Gourm    .   (no shield)
rNeg     . . .     Faith    .   a - +0 robe
rPois    .         Spirit   .   (no helmet)
rElec    .         Reflect  .   (no cloak)
rCorr    .         Harm     .   (no gloves)
MR       .....                  (no boots)
Stlth    ++........             (no amulet)
Regen    0.1/turn               (no ring)
MPRegen  0.2/turn               (no ring)

@: lethally poisoned (-1 -> -8)
A: no striking features
a: Renounce Religion


You were on level 2 of the Dungeon.
You worshipped Vehumet.
Vehumet was noncommittal.
You were not hungry.

You visited 1 branch of the dungeon, and saw 3 of its levels.

You collected 41 gold pieces.

Inventory:

Hand Weapons
 d - a +0 dagger (weapon)
Armour
 a - a +0 robe (worn)
Scrolls
 e - 2 scrolls of remove curse
 f - a scroll of recharging {unknown}
 i - a scroll of enchant weapon {unknown}
 o - a scroll of amnesia {unknown}
Potions
 k - a potion of ambrosia
 m - a potion of haste
 n - a potion of heal wounds {unknown}
Books
 b - a book of Flames

   Spells                             Type                      Level
   a - Flame Tongue                   Conjuration/Fire             1
   b - Throw Flame                    Conjuration/Fire             2
   c - Conjure Flame                  Conjuration/Fire             3
   d - Inner Flame                    Hexes/Fire                   3
   e - Sticky Flame                   Conjuration/Fire             4
   f - Fireball                       Conjuration/Fire             5
Comestibles
 c - 2 bread rations
 g - 3 chunks of flesh
 l - a fruit


   Skills:
 - Level 2.4 Dodging
 - Level 2.4 Stealth
 * Level 5.6 Spellcasting
 + Level 2.1 Conjurations
 + Level 4.2 Fire Magic


You had one spell level left.
You knew the following spells:

 Your Spells              Type           Power        Failure   Level  Hunger
a - Flame Tongue          Conj/Fire      ###..        2%          1    None
b - Throw Flame           Conj/Fire      ###...       4%          2    None
c - Conjure Flame         Conj/Fire      ###.....     8%          3    ##.....
d - Inner Flame           Hex/Fire       ##......     13%         3    ##.....
e - Sticky Flame          Conj/Fire      ###.....     26%         4    ####...


Dungeon Overview and Level Annotations

Branches:
Dungeon (3/15)

Altars:
Vehumet
Yredelemnul


Message History

Unknown command.
Unknown command.
You feel sick.
The orc wizard gestures wildly while chanting.
The orc wizard flickers and vanishes!
Deactivating autopickup; reactivate with Ctrl-A.
The orc misses you. The orc completely misses you.
You climb upwards.
You feel sick.
There is a stone staircase leading down here.
Casting: Flame Tongue
Confirm with . or Enter, or press ? or * to list all spells.
Aiming: Flame Tongue
Press: ? - help, Shift-Dir - straight line, f - orc
Aim: an orc, wielding a mace and wearing a scale mail The flame tongue hits the orc.
The orc appears unharmed.
You feel sick. The orc barely misses you.
The orc hits you from afar with a trident.
* * * LOW HITPOINT WARNING * * *
The orc hits you with a hand axe of venom.
You die...

......#...## #.###.##.#
####..##.#.## #.#
#.##.# # #...b..#.# #.#
#.##.# #.##....## #.#
#.##.#
#.##.#.#######.###.##.#
#.##.#.............##.#
#
#.##.##........######.#
#
#.##.##.########......#
#
#.##.......oo@o.......#
#
#.#####.########[######
####.# #.....# #.#
.....###.###.######.#
#####....# #.....##.# #
#.##<###.###.##.# #
#.##.....# #<##.#
#####.####.### #.##.#
...........# #.##.#


You could see 3 orcs.

Vanquished Creatures
  A bullfrog (D:3)
  2 adders
  An ooze (D:1)
  A dart slug (D:2)
  A leopard gecko (D:2)
  A ball python (D:1)
  A giant cockroach (D:2)
  7 goblins
  5 hobgoblins
  11 jackals
  A quokka (D:2)
  4 bats
  4 frilled lizards
  4 kobolds
  5 rats
49 creatures vanquished.

Notes
Turn   | Place    | Note
-------+----------+-------------------------------------------
     0 | D:1      | Kidiri the Deep Elf Fire Elementalist began the quest for the Orb.
     0 | D:1      | Reached XP level 1. HP: 10/10 MP: 6/6
   112 | D:1      | Reached XP level 2. HP: 15/15 MP: 0/8
   365 | D:1      | Learned a level 2 spell: Throw Flame
   425 | D:1      | Reached skill level 4 in Spellcasting
   826 | D:1      | Reached XP level 3. HP: 17/19 MP: 7/10
   831 | D:1      | Learned a level 3 spell: Conjure Flame
   835 | D:1      | Learned a level 3 spell: Inner Flame
  1469 | D:2      | Found a radiant altar of Vehumet.
  1469 | D:2      | Found a basalt altar of Yredelemnul.
  1481 | D:2      | Became a worshipper of Vehumet
  1579 | D:3      | Reached skill level 5 in Spellcasting
  1579 | D:3      | Reached XP level 4. HP: 24/24 MP: 7/13
  1585 | D:3      | Learned a level 4 spell: Sticky Flame
  1585 | D:3      | Noticed a bullfrog
  1591 | D:3      | Killed a bullfrog
  1915 | D:2      | Slain by an orc

Vault maps used:
D:1:      lightli_arrival_statuegarden
D:2:      gammafunk_temple_overflow_pools
D:3:      grunt_qazlal_sundering, nicolae_overflow_crystal_walls, first_bread,
          st_stairs_12, kennysheep_generic_room_9

Skill      XL: |  1  2  3  4 |
---------------+-------------+-----
Spellcasting   | 4 5 |  5.6
Fire Magic     | 4 |  4.2
Conjurations   | 2 |  2.1
Dodging        | |  2.4
Stealth        | |  2.4

Action                   |  1- 3 |  4- 6 || total
-------------------------+-------+-------++-------
Melee: Dagger            |    24 |       ||    24
 Cast: Flame Tongue      |    65 |    18 ||    83
       Throw Flame       |     3 |     1 ||     4
  Use: Potion            |     2 |       ||     2
       Scroll            |     3 |       ||     3
 Stab: Sleeping          |     2 |       ||     2
  Eat: Chunk             |     2 |     1 ||     3
Armor: Robe              |     9 |     2 ||    11
Dodge: Dodged            |    53 |    18 ||    71
